 Dungeon Crawl Stone Soup version 0.28.0-43-g3370ac3207 (webtiles) character file.

Game seed: 5740637871900882221

352 Acheron the Ducker (level 6, -5/50 HPs)
             Began as a Minotaur Venom Mage on Mar 20, 2022.
             Slain by an ogre
             ... wielding a +0 giant club
              (33 damage)
             ... on level 4 of the Dungeon.
             The game lasted 00:25:58 (4998 turns).

Acheron the Ducker (Minotaur Venom Mage)            Turns: 4998, Time: 00:25:58

Health: -5/50      AC:  3    Str: 19    XL:     6   Next: 34%
Magic:  16/16      EV: 12    Int: 12    God:
Gold:   81         SH:  0    Dex: 12    Spells: 6/8 levels left

rFire   . . .      SeeInvis .   g - +2 hunting sling (flame)
rCold   . . .      Faith    .   (no shield)
rNeg    . . .      Spirit   .   k - +0 leather armour
rPois   .          Reflect  .   (helmet restricted)
rElec   .          Harm     .   (no cloak)
rCorr   .          Rampage  .   (no gloves)
Will    .....                   (no boots)
Stlth   ++........              (no amulet)
HPRegen 0.16/turn               n - ring of magical power
MPRegen 0.15/turn               y - +6 ring of strength

@: no status effects
A: horns 2, retaliatory headbutt
a: no special abilities


You were on level 4 of the Dungeon.
You visited 1 branch of the dungeon, and saw 5 of its levels.
You also visited: Sewer.

You collected 81 gold pieces.

Inventory:

Hand Weapons
 d - a +0 quarterstaff
 g - a +2 hunting sling of flaming (weapon)
 u - a +0 hand axe
Missiles
 f - 17 stones
 h - 45 sling bullets (quivered ammo)
 w - 8 poisoned darts
Armour
 i - a +0 ring mail
 k - a +0 leather armour (worn)
Jewellery
 n - a ring of magical power (left hand)
 y - a +6 ring of strength (right hand)
Scrolls
 c - a scroll of magic mapping
 e - a scroll of fear
 q - a scroll of identify
 r - a scroll of enchant weapon {unknown}
 s - a scroll of teleportation {unknown}
 v - 2 scrolls of fog
Potions
 a - 3 potions of heal wounds {unknown}
 b - a potion of brilliance {unknown}
 j - a potion of invisibility {unknown}
 l - 5 potions of curing {unknown}
 m - 2 potions of mutation
 o - a potion of might {unknown}
 p - 2 potions of berserk rage {unknown}
 t - a potion of lignification {unknown}
 x - a potion of flight {unknown}


   Skills:
 * Level 2.4 Fighting
 + Level 1.1 Axes
 + Level 1.5 Staves
 * Level 2.4 Slings
 * Level 2.6 Armour
 * Level 3.2 Dodging
 * Level 2.8 Stealth
 + Level 1.5 Spellcasting
 + Level 1.6 Transmutations
 + Level 2.5 Poison Magic


You had 6 spell levels left.
You knew the following spells:

 Your Spells              Type           Power      Damage    Failure   Level
a - Sting                 Tmut/Pois      20%        1d4       14%         1
b - Foxfire               Conj/Fire      0%         2x1d4     34%         1

Your spell library contained the following spells:

 Spells                   Type           Power      Damage    Failure   Level
 Poisonous Vapours        Pois/Air       6%         N/A       30%         2
 Mephitic Cloud           Conj/Pois/Air  2%         N/A       58%         3
 Conjure Flame            Conj/Fire      0%         6-21      71%         3
 Inner Flame              Hex/Fire       0%         N/A       71%         3
 Olgreb's Toxic Radiance  Pois           6%         N/A       77%         4
 Flame Wave               Conj/Fire      0%         2d4       98%         4


Dungeon Overview and Level Annotations

Branches:
Dungeon (5/15)              Sewer (visited)
 Temple: D:4-7

Altars:
Vehumet
Yredelemnul

Annotations:
D:3 2 transporters, Elsvaer's ghost, amateur DECj


Innate Abilities, Weirdness & Mutations

You have a pair of horns on your head.
You reflexively headbutt those who attack you in melee.


Message History

The ogre shouts!
The ogre hits you with a +0 giant club!
There is a stone staircase leading down here.
As you read the scroll of fear, it crumbles to dust.
You assume a fearsome visage.
The ogre looks frightened!
h - 47 sling bullets (gained 1)
h - 48 sling bullets (gained 1)
h - 49 sling bullets (gained 1)
The ogre shouts!
You see here a +6 ring of strength.
y - a +6 ring of strength You feel stronger.
y - a +6 ring of strength (right hand) Fire: 49 sling bullets
Press: ? - help, Q - select action, (/) - cycle Shift-Dir - straight line, f - ogre
Aim: an ogre, wielding a +0 giant club (76% to hit)
You shoot a sling bullet. The sling bullet hits the ogre!
The sling bullet burns the ogre.
The ogre is heavily wounded.
Fire: 48 sling bullets
Press: ? - help, Q - select action, (/) - cycle Shift-Dir - straight line, f/p - ogre
Aim: an ogre, wielding a +0 giant club (heavily wounded, 76% to hit)
You shoot a sling bullet. The sling bullet hits the ogre.
The sling bullet burns the ogre.
The ogre is heavily wounded.
Fire: 47 sling bullets
Press: ? - help, Q - select action, (/) - cycle Shift-Dir - straight line, f/p - ogre
Aim: an ogre, wielding a +0 giant club (heavily wounded, 76% to hit)
You shoot a sling bullet.
The sling bullet barely misses the ogre.
The ogre hits you with a +0 giant club!
Fire: 46 sling bullets
Press: ? - help, Q - select action, (/) - cycle Shift-Dir - straight line, f/p - ogre
Aim: an ogre, wielding a +0 giant club (heavily wounded, 76% to hit)
You shoot a sling bullet. The sling bullet hits the ogre!
The sling bullet burns the ogre.
The ogre is almost dead.
The ogre hits you with a +0 giant club!!
Ouch! That really hurt!
You die...

#.#.# #........O...#
#.#.# ##.#.####......#
#.#.# #.#..........#.#
#.#.####...#########.#
#.....>..<..>..# .#
#...(......###.#
##...(##...#
#.##O##......
#.##@##...##..
#.##.##..... ..
#.##.###..##. . #.##.#
#... #.##.# #.#
#..#.## #.#
##.#..###.## o. #.#...
... .. #.##.# #.# #.


You could see an ogre.

Vanquished Creatures
  An ogre (D:4)
  A jelly (D:4)
  8 adders
  4 river rats
  An adder skeleton (D:4)
  9 worms
  2 dart slugs
  8 orcs
  2 bats
  2 endoplasms
  3 giant cockroaches (D:3)
  10 goblins
  9 hobgoblins
  2 jackals (D:3)
  6 kobolds
  A quokka (D:1)
  13 ball pythons
  7 frilled lizards
  14 rats
103 creatures vanquished.

Notes
Turn   | Place    | Note
-------+----------+-------------------------------------------
     0 | D:1      | Acheron the Minotaur Venom Mage began the quest for the
                  | Orb.
     0 | D:1      | Reached XP level 1. HP: 14/14 MP: 1/1
     5 | D:1      | Learned a level 1 spell: Foxfire
   259 | D:1      | Reached XP level 2. HP: 10/20 MP: 0/3
   989 | D:3      | Found a transporter.
  1034 | D:2      | Reached XP level 3. HP: 20/26 MP: 4/4
  1180 | D:3      | Reached skill level 1 in Transmutations
  1185 | D:2      | Reached skill level 1 in Slings
  1283 | D:3      | Reached XP level 4. HP: 34/34 MP: 5/5
  1290 | D:3      | Found a glowing drain.
  1296 | D:3      | Reached skill level 1 in Armour
  1309 | Sewer    | Entered a sewer
  1331 | Sewer    | Reached skill level 1 in Fighting
  2025 | D:3      | Reached XP level 5. HP: 40/40 MP: 6/6
  2028 | D:3      | Found a transporter.
  2044 | D:3      | Noticed Elsvaer's ghost (amateur DECj)
  2103 | D:3      | Found a basalt altar of Yredelemnul.
  2850 | D:4      | Reached skill level 1 in Staves
  2944 | D:4      | Reached skill level 3 in Dodging
  3312 | D:4      | Noticed an ogre
  4371 | D:2      | Noticed an ogre
  4769 | D:4      | Found a radiant altar of Vehumet.
  4819 | D:5      | Entered Level 5 of the Dungeon
  4866 | D:4      | Reached XP level 6. HP: 48/48 MP: 7/7
  4886 | D:4      | Reached skill level 1 in Axes
  4998 | D:4      | Slain by an ogre

Illustrated notes

Levels and vault maps discovered:
D:1:      evilmike_arrival_plus, layout_loops_ring, minmay_pentomino_q4
D:2:      layout_basic
D:3:      layout_basic, yredelemnul_altar_generic, lightli_sewer_entry_pipes,
          gammafunk_ghost_stat_death
D:4:      layout_loops_ring, mainiacjoe_overflow_24_doors
D:5:      layout_basic, minivault_11, uniq_edmund, uniq_ijyb, uniq_eustachio

Skill      XL: |  1  2  3  4  5  6 |
---------------+-------------------+-----
Stealth        | 2 |  2.8
Transmutations | 1 |  1.6
Slings         | 1 2 |  2.4
Armour         | 1 2 |  2.6
Fighting       | 1 2 |  2.4
Staves         | 1 |  1.5
Dodging        | 3 |  3.2
Axes           | 1 |  1.1
Spellcasting   | |  1.5
Poison Magic   | |  2.5

Action                   |  1- 3 |  4- 6 || total
-------------------------+-------+-------++-------
Melee: Quarterstaff      |    23 |    55 ||    78
       Headbutt          |     2 |    22 ||    24
       Hand axe          |       |    83 ||    83
       Punch             |       |     2 ||     2
 Fire: Hunting sling     |    57 |    53 ||   110
 Cast: Sting             |     5 |       ||     5
  Use: Scroll            |       |     7 ||     7
 Stab: Sleeping          |       |     9 ||     9
Armor: Robe              |     3 |       ||     3
       Leather armour    |       |    28 ||    28
Dodge: Dodged            |    24 |    93 ||   117
